woodfighter, chaotic female orcish Cavewoman --------- ----------- |.......| |.........| |.......| #.........>.# ------------- |.......| #|.........|# --............# |.......| #-----------# #.............|# |.......| #### # ###|............|# ----.-|-- # # # |............|# # # # # ### |............|# # # # ## ------ # --------------# # ### # #---....+ ### ### # # # #|......| # # -|---|------- # #.......| ### ###------ --..........<--# |......| # #-@)[[| |.............|# |.......### |.@[[| |..............# ---....| |.m[[| |.............| ------ |.[[)| --...........-- |.[[[| ------------- ------ woodfighter the Cave Teen Experience level: 4 Strength: 18/01 Dexterity: 12 Constitution: 15 Intelligence: 10 Wisdom: 11 Charisma: 9 Health: 0(32) Energy: 18(18) Def: 2 Gold: 505 Moves: 1534 Dungeon seed: wFWLYt3R3OZBnjep Game ID: woodfighter_1488468812 Your Inventory: Coins $ - 505 gold pieces Weapons a - a +1 club (weapon in hand) b - a +2 sling (alternate weapon; not wielded) Armor f - an uncursed +0 leather armor (being worn) Comestibles c - an uncursed food ration Scrolls d - an uncursed scroll of identify i - 3 uncursed scrolls of scare monster l - an uncursed scroll of gold detection n - a cursed scroll of light Potions g - an uncursed potion of fruit juice j - an uncursed potion of invisibility k - an uncursed potion of healing o - an uncursed potion of water Wands h - a wand of cold (0:5) Tools q - an uncursed lock pick Gems e - 11 uncursed flints (in quiver) Spells and supernatural/magical abilities: Name Level Category Fail Memory W - pray for help -- divine ? -- Your skills at the end: Miscellaneous Skills bare handed combat [Basic] Weapon Skills scimitar [Basic] club [Basic] sling [Basic] Spellcasting Skills Final Attributes: You were piously aligned. You were poison resistant. You had infravision. You were very stealthy. You were held by a giant mimic. You are dead. Vanquished creatures: a small mimic 2 coyotes a large kobold 2 geckos a red mold 2 kobolds 3 newts 4 sewer rats 2 lichens a kobold zombie 19 creatures vanquished. Voluntary challenges: You did not adorn yourself with jewelry or accessories. You did not cause conflict. You were not invisible. You did not have reflection. You were not displaced. You were an atheist. You used a wielded weapon 25 times, starting on turn 233. You did not use tools. You did not use plumbed fixtures. You did not drink any magical draughts. You were illiterate. You never genocided any monsters. You never polymorphed an object. You never changed form. You used no wishes. You never split a pudding. You never wrote Elbereth's name. You never violated your personal moral code. Dungeon overview: The Dungeons of Doom: levels 1 to 5 Level 1 some fountains a long staircase Level 2 stairs to The Gnomish Mines Level 3 Level 4 <- You were here an armor shop Level 5 The Gnomish Mines: Level 3 stairs to The Dungeons of Doom History has recorded: On T:1 you entered the Dungeons of Doom to retrieve the Amulet of Yendor! On T:140 you reached level 2 of The Dungeons of Doom. On T:448 you reached level 1 of The Gnomish Mines. On T:736 you advanced to experience level 2. On T:739 you reached level 3 of The Dungeons of Doom. On T:979 you reached level 4 of The Dungeons of Doom. On T:1437 you reached level 5 of The Dungeons of Doom. On T:1458 you advanced to experience level 3. On T:1528 you advanced to experience level 4. Score breakdown: Gold: 505 ( 50 points) Experience: 4 levels ( 300 points) Exploration: 5 levels ( 120 points) Discoveries: 9 items ( 450 points) Variety of kills: 10 monsters ( 500 points) Major goal: (nothing yet) ( 0 points) Survival: died (score multiplied by 3) Total score: 4260 Latest messages: $ - 37 gold pieces. You hear someone cursing shoplifters. The door resists! The door opens. (2x) i - a labeled THARR. You stop exploring. You kill the large kobold! Welcome to experience level 3. $ - 101 gold pieces. o - a clear potion. You stop exploring. The kobold zombie just misses! You destroy the kobold zombie! A hobgoblin blocks your way. "Hello, woodfighter! Welcome to Gaziantep's used armor dealership!" "Hello, woodfighter! Welcome again to Gaziantep's used armor dealership!" You see here a long sword (20 zorkmids). Wait! That's a small mimic! You hit the small mimic! (2x) You kill the small mimic! Welcome to experience level 4. Wait! That's a giant mimic! The giant mimic claws you! (2x) You hit the giant mimic! (4x) The giant mimic claws you! You die... Gaziantep gratefully inherits all your possessions. Final status: Goodbye woodfighter the Cavewoman, killed by a giant mimic... You died in The Dungeons of Doom on dungeon level 4 with 4260 points, and 505 pieces of gold, after 1534 moves. You were level 4 with a maximum of 32 hit points when you died.